 Dungeon Sprint DCSS version 0.21.0-24-g2553a33 (webtiles) character file.

13773 letownia2 the Brawler (level 11, -3/114 HPs)
             Began as a Troll Wizard on Jan 19, 2018.
             Was a Follower of Ru.
             Slain by a 15-headed hydra (8 damage)
             ... in the Dungeon (Sprint I: "Red Sonja").
             The game lasted 00:17:44 (1873 turns).

letownia2 the Brawler (Troll Wizard)                Turns: 1873, Time: 00:17:44

Health: -3/114     AC:  7    Str: 18      XL:     11   Next: 80%
Magic:  11/15      EV: 10    Int: 15 (16) God:    Ru [*.....]
Gold:   731        SH:  0    Dex:  6      Spells: 8/19 levels left

rFire    + . .     SeeInvis .     - Unarmed
rCold    + . .     Gourm    +   (no shield)
rNeg     . . .     Faith    .   u - +0 troll leather armour
rPois    .         Spirit   .   b - +0 hat
rElec    .         Reflect  .   z - scarf {rC+ rF+}
rCorr    .         Harm     .   (gloves unavailable)
MR       .....     NoTele   +   (boots unavailable)
Stlth    +.........             (no amulet)
HPRegen  1.09/turn              r - ring of wizardry
MPRegen  0.14/turn              (no ring)

@: no status effects
A: large, unfitting armour, claws 3, talons 1, clumsy 1, deterioration 1, fast
metabolism 3, frail 1, gourmand, low mp 1, regeneration 1, shaggy fur 1, tough
skin 2, subdued magic 1, inability to train armour
a: Renounce Religion


You were in the Dungeon.
You worshipped Ru.
Ru was aware of your devotion.
You were completely stuffed.

You visited 1 branch You collected 1434 gold pieces.
You spent 703 gold pieces at shops.

Inventory:

Hand Weapons
 n - a +0 blowgun
Missiles
 o - 9 curare-tipped needles
 x - 4 javelins (quivered)
Armour
 a - a +0 robe
 b - a +0 hat (worn)
 u - a +0 troll leather armour (worn)
 z - a scarf of resistance (worn)
Jewellery
 r - a ring of wizardry (left claw)
Wands
 l - a wand of random effects (17)
Scrolls
 j - a scroll of blinking
 m - 2 scrolls of enchant armour {unknown}
 p - 2 scrolls of remove curse {unknown}
 s - a scroll of magic mapping {unknown}
 v - a scroll of acquirement {unknown}
 y - a scroll of identify
Potions
 e - 4 potions of curing
 f - a potion of heal wounds
 g - a potion of haste
 h - 2 potions of magic
 k - a potion of cancellation
 q - a potion of flight
 w - 2 potions of agility
 A - a potion of might {unknown}
 B - a potion of degeneration {unknown}
Books
 c - a book of Minor Magic

   Spells                             Type                      Level
   a - Magic Dart                     Conjuration                  1
   b - Blink                          Translocation                2
   c - Call Imp                       Summoning                    2
   d - Slow                           Hexes                        2
   e - Conjure Flame                  Conjuration/Fire             3
   f - Mephitic Cloud                 Conjuration/Poison/Air       3
Miscellaneous
 t - a fan of gales
Comestibles
 d - 2 rations
 i - 13 chunks of flesh


   Skills:
 + Level 13.3 Fighting
   Level 0.0 Armour
 - Level 5.8 Dodging
 - Level 1.0 Stealth
 + Level 20.0 Unarmed Combat
 + Level 4.9 Spellcasting
 - Level 4.7 Conjurations
 - Level 0.6 Summonings
 - Level 2.3 Translocations
 - Level 2.6 Fire Magic
 - Level 2.3 Air Magic
 - Level 2.1 Poison Magic


You had 8 spell levels left.
You knew the following spells:

 Your Spells              Type           Power        Failure   Level  Hunger
a - Magic Dart            Conj           ##..         1%          1    None
b - Blink                 Tloc           N/A          3%          2    ##.....
c - Conjure Flame         Conj/Fire      ##......     4%          3    ###....
e - Mephitic Cloud        Conj/Pois/Air  #.......     6%          3    ###....
i - Call Imp              Summ           #.......     8%          2    ##.....


Dungeon Overview and Level Annotations

Branches:
Dungeon (1/1)

Altars:
Cheibriados
Dithmenos
Elyvilon
Fedhas
Gozag
Hepliaklqana
Kikubaaqudgha
Makhleb
Nemelex Xobeh
Okawaru
Qazlal
Ru
Sif Muna
Trog
Uskayaw
Vehumet
Wu Jian
Xom
Yredelemnul
Zin
The Shining One
Jiyva
Lugonu

Shops:
D =%***:%(}[[}*}}[[:?[(


Innate Abilities, Weirdness & Mutations

You are too large for most types of armour.
You have claws for hands.
Your metabolism is lightning-fast.
You like to eat raw meat.
Your natural rate of healing is unusually fast.
You are covered in fur. (AC +1)
You have very tough skin. (AC +2)
You cannot train Armour skill.
You have sharp toenails.
You are clumsy. (Dex -2)
Your body sometimes deteriorates upon taking damage.
You are frail. (-10% HP)
Your magical capacity is low. (-10% MP)
Your spells are a little easier to cast, but a little less powerful.


Message History

The 12-headed hydra grows two more!
You mangle the 14-headed hydra!!
The 14-headed hydra is severely wounded.
Unknown command.
Unknown command.
Unknown command.
Unknown command.
You claw one of the 14-headed hydra's heads off!
The 13-headed hydra grows two more!
You claw the 15-headed hydra!
The 15-headed hydra is severely wounded.
The 15-headed hydra is engulfed in blazing flames.
The 15-headed hydra bites you!
* * * LOW HITPOINT WARNING * * *
The 15-headed hydra bites you but does no damage.
The 15-headed hydra bites you!
* * * LOW HITPOINT WARNING * * *
The 15-headed hydra bites you but does no damage.
The 15-headed hydra bites you!
* * * LOW HITPOINT WARNING * * *
The 15-headed hydra bites you!
You die...

###############################
..#__#..))..#..#G§§§§.DD.G§D.$#
).'..'÷.#...##'#D####...§.##G.+
#÷#__####...'§.#@# ##§§§## ##
#.####.§#####§.§§# #$###+# $##
#§#§§§§§#..##+####..$#y#§##$$$#
_§§≈§§§.§..#..^^.#..$###..###$#
._#§§§§§#..#^§^..+..$$$##.#A#$#
#'##'#####'###§§.#.....#..###$#
#(#....###.'.#§§§# #++##.##..$#
####'###.###.#.§## #. +###
.'§....'.∩##.#.§# ##


You could see a 15-headed hydra and a floating eye.

Vanquished Creatures
  A lorocyproca (D)
  2 centaur warriors (D)
  Sonja (D)
  A deep troll (D)
  A lindwurm (D)
  2 unseen horrors (D)
  8 shining eyes (D)
  An oklob plant (D)
  A gargoyle (D)
  2 kobold demonologists (D)
  4 demonic crawlers (D)
  A hornet (D)
  A slime creature (D)
  2 redbacks (D)
  Sigmund (D)
  A yak (D)
  12 hogs (D)
  6 floating eyes (D)
  7 necrophages (D)
  An ogre (D)
  8 jellies (D)
  Ijyb (D)
  3 ballistomycetes (D)
68 creatures vanquished.

Vanquished Creatures (others)
  A gargoyle (D)
  A hog (D)
  2 ballistomycete spores (D)
4 creatures vanquished.

Grand Total: 72 creatures vanquished

Notes
Turn   | Place    | Note
-------+----------+-------------------------------------------
     0 | D        | letownia2 the Troll Wizard began the quest for the Orb.
     0 | D        | Reached XP level 1. HP: 16/16 MP: 2/2
     2 | D        | Noticed Ijyb
     9 | D        | Killed Ijyb
     9 | D        | Reached skill level 4 in Unarmed Combat
     9 | D        | Reached XP level 2. HP: 23/29 MP: 4/4
    23 | D        | Learned a level 2 spell: Blink
    23 | D        | Noticed an ogre
    52 | D        | Killed an ogre
    52 | D        | Reached skill level 6 in Unarmed Combat
    52 | D        | Reached XP level 3. HP: 3/36 MP: 2/5
    52 | D        | Reached XP level 4. HP: 3/44 MP: 2/6
    60 | D        | Learned a level 3 spell: Mephitic Cloud
   127 | D        | Noticed Sigmund
   138 | D        | Killed Sigmund
   138 | D        | Reached skill level 8 in Unarmed Combat
   138 | D        | Reached skill level 1 in Air Magic
   138 | D        | Reached XP level 5. HP: 42/50 MP: 1/7
   189 | D        | Found an ornate altar of the Wu Jian Council.
   189 | D        | Found a deep blue altar of Sif Muna.
   191 | D        | Found a radiant altar of Vehumet.
   197 | D        | Reached XP level 6. HP: 50/58 MP: 6/8
   205 | D        | Learned a level 3 spell: Conjure Flame
   222 | D        | Found Camm's Assorted Antiques.
   222 | D        | Found an ancient bone altar of Kikubaaqudgha.
   222 | D        | Found a hazy altar of Hepliaklqana.
   222 | D        | Found a stormy altar of Qazlal.
   222 | D        | Found a hide-covered altar of Uskayaw.
   222 | D        | Found a blossoming altar of Fedhas.
   222 | D        | Found a bloodstained altar of Trog.
   222 | D        | Found an iron altar of Okawaru.
   222 | D        | Found a basalt altar of Yredelemnul.
   222 | D        | Found a glowing golden altar of the Shining One.
   222 | D        | Found a snail-covered altar of Cheibriados.
   222 | D        | Found a sacrificial altar of Ru.
   222 | D        | Found a glowing silver altar of Zin.
   222 | D        | Found a shadowy altar of Dithmenos.
   222 | D        | Found a white marble altar of Elyvilon.
   222 | D        | Noticed a yak
   229 | D        | Killed a yak
   229 | D        | Reached skill level 10 in Unarmed Combat
   230 | D        | Found an opulent altar of Gozag.
   231 | D        | Found a sparkling altar of Nemelex Xobeh.
   238 | D        | Became a worshipper of Ru the Awakened
   248 | D        | Noticed Sonja
   339 | D        | Killed Sonja
   339 | D        | Reached skill level 12 in Unarmed Combat
   339 | D        | Reached XP level 7. HP: 54/71 MP: 5/11
   371 | D        | Found a viscous altar of Jiyva.
   371 | D        | Found a corrupted altar of Lugonu.
   371 | D        | Noticed a slime creature
   373 | D        | Found a burning altar of Makhleb.
   373 | D        | Found a shimmering altar of Xom.
   377 | D        | Killed a slime creature
   377 | D        | Reached skill level 5 in Fighting
   377 | D        | Reached XP level 8. HP: 64/80 MP: 6/12
   404 | D        | Noticed a centaur warrior
   427 | D        | Noticed a centaur warrior
   430 | D        | Killed a centaur warrior
   430 | D        | Reached skill level 13 in Unarmed Combat
   439 | D        | Killed a centaur warrior
   439 | D        | Reached skill level 14 in Unarmed Combat
   439 | D        | Reached XP level 9. HP: 29/93 MP: 7/13
   491 | D        | Found Rajar's Jewellery Boutique.
   499 | D        | Bought an uncursed ring of wizardry for 300 gold pieces
   615 | D        | Noticed a deep troll
   620 | D        | Killed a deep troll
   620 | D        | Reached skill level 5 in Dodging
   689 | D        | Noticed a kobold demonologist
   690 | D        | Noticed a kobold demonologist
   694 | D        | Killed a kobold demonologist
   694 | D        | Reached skill level 15 in Unarmed Combat
   700 | D        | Killed a kobold demonologist
   723 | D        | Paralysed by a hornet for 2 turns
   755 | D        | Found Padov's Armour Emporium.
   777 | D        | Noticed a shining eye
   777 | D        | Noticed a shining eye
   777 | D        | Noticed a shining eye
   779 | D        | Paralysed by a floating eye for 2 turns
   799 | D        | Killed a shining eye
   799 | D        | Reached skill level 16 in Unarmed Combat
   799 | D        | Reached XP level 10. HP: 107/107 MP: 7/14
   803 | D        | Killed a shining eye
   837 | D        | Killed a shining eye
   837 | D        | Reached skill level 10 in Fighting
   855 | D        | Paralysed by a floating eye for 3 turns
   861 | D        | Noticed a shining eye
   861 | D        | Noticed a shining eye
   861 | D        | Noticed a shining eye
   861 | D        | Gained mutation: Your magical capacity is low. (-10% MP) [a shining eye]
   882 | D        | Killed a shining eye
   894 | D        | Gained mutation: You are clumsy. (Dex -2) [a shining eye]
   910 | D        | Killed a shining eye
   945 | D        | Gained mutation: Your body sometimes deteriorates upon taking damage. [a shining eye]
   947 | D        | Gained mutation: You have sharp toenails. [a shining eye]
   949 | D        | Killed a shining eye
   949 | D        | Reached skill level 17 in Unarmed Combat
   961 | D        | Noticed a shining eye
   961 | D        | Noticed a shining eye
   961 | D        | Gained mutation: You are frail. (-10% HP) [a shining eye]
  1007 | D        | Noticed an oklob plant
  1013 | D        | Killed an oklob plant
  1062 | D        | Killed an unseen horror
  1099 | D        | Killed an unseen horror
  1099 | D        | Reached XP level 11. HP: 75/110 MP: 13/13
  1127 | D        | Reached skill level 18 in Unarmed Combat
  1200 | D        | Learned a level 2 spell: Call Imp
  1254 | D        | Gained mutation: Your spells are a little easier to cast, but a little less powerful. [a shining eye]
  1276 | D        | Killed a shining eye
  1315 | D        | Killed a shining eye
  1334 | D        | Found Sika's Assorted Antiques.
  1334 | D        | Found Liedihou's Food Shoppe.
  1334 | D        | Found Jith's Book Boutique.
  1334 | D        | Found Itsoulur's Assorted Antiques.
  1362 | D        | Bought a scroll labeled WUUT NOOMU for 30 gold pieces
  1362 | D        | Bought a scroll labeled WUUT NOOMU for 30 gold pieces
  1362 | D        | Bought a scroll labeled VUL DYFYEN for 30 gold pieces
  1419 | D        | Found Neleyhai's Weapon Shoppe.
  1419 | D        | Found Wuats's Food Shop.
  1419 | D        | Found Wocvuut's Gadget Boutique.
  1421 | D        | Found Keczivio's Antique Armour Emporium.
  1421 | D        | Found Tatiumi's Armour Shop.
  1421 | D        | Found Siadgh's Gadget Shoppe.
  1421 | D        | Found Janebila's General Store.
  1421 | D        | Found Fygu's Gadget Emporium.
  1421 | D        | Found Fegyed's Gadget Shop.
  1421 | D        | Found Qemizoed's Antique Armour Shoppe.
  1424 | D        | Found Naqum's Armour Boutique.
  1426 | D        | Found Ympoluc's Magic Scroll Emporium.
  1426 | D        | Found Kuviul Ilisch's Book Boutique.
  1427 | D        | Found Guset's Antique Weapon Emporium.
  1429 | D        | Bought a potion of lignification for 33 gold pieces
  1434 | D        | Bought a scroll of identify for 22 gold pieces
  1434 | D        | Bought a scroll of identify for 22 gold pieces
  1437 | D        | Gained mutation: You cannot train Armour skill. [Ru sacrifice]
  1437 | D        | Reached * piety under Ru
  1447 | D        | Bought a glowing scarf for 184 gold pieces
  1503 | D        | Bought a silvery potion for 25 gold pieces
  1510 | D        | Bought a golden potion for 27 gold pieces
  1560 | D        | Reached skill level 19 in Unarmed Combat
  1603 | D        | Noticed a lindwurm
  1611 | D        | Killed a lindwurm
  1716 | D        | Killed a lorocyproca
  1809 | D        | Reached skill level 20 in Unarmed Combat
  1824 | D        | Noticed a daeva
  1858 | D        | Noticed a 12-headed hydra
  1873 | D        | HP: 5/114 [15-headed hydra (12)]
  1873 | D        | Slain by a 15-headed hydra

Skill      XL: |  1  2  3  4  5  6  7  8  9 10 11 |
---------------+----------------------------------+-----
Fighting       | 2 4 5 7 9 12 13 | 13.3
Unarmed Combat | 4 6 8 12 14 16 17 20 | 20.0
Conjurations   | 3 4 |  4.7
Translocations | 2 |  2.3
Air Magic      | 1 2 |  2.3
Poison Magic   | 2 |  2.1
Fire Magic     | 2 |  2.6
Spellcasting   | 3 4 |  4.9
Dodging        | 5 |  5.8
Stealth        | |  1.0
Summonings     | |  0.6

Action                   |  1- 3 |  4- 6 |  7- 9 | 10-12 || total
-------------------------+-------+-------+-------+-------++-------
Melee: Unarmed           |    14 |    21 |    42 |   126 ||   203
       Punch             |       |       |     8 |    12 ||    20
       Kick              |       |       |       |    23 ||    23
 Cast: Blink             |     1 |       |       |     1 ||     2
       Mephitic Cloud    |       |     4 |     4 |     1 ||     9
       Conjure Flame     |       |       |     5 |    18 ||    23
Invok: Sacrifice Durabil |       |       |       |     1 ||     1
Evoke: Wand              |       |     8 |     1 |       ||     9
  Use: Scroll            |       |       |       |     3 ||     3
       Potion            |       |       |       |     2 ||     2
 Stab: Confused          |       |       |     3 |     1 ||     4
       Sleeping          |       |       |       |     1 ||     1
  Eat: Chunk             |       |     4 |     4 |    11 ||    19
       Ration            |       |       |       |     2 ||     2
Armor: Robe              |     4 |     7 |       |       ||    11
       Troll leather arm |       |       |       |    27 ||    27
Dodge: Dodged            |     2 |     7 |     4 |    22 ||    35
